Bruins vs Flyers

Created - Wednesday, January 27, 2016 at 12:23

Goals
1 2 3 T
Bruins 0 1 0 1
Flyers 1 0 1 2
Shots
1 2 3 T
Bruins 7 13 6 26
Flyers 6 9 12 27

1st period

1. Flyers , Bryan Little 25 (Luke Glendening) at 10:41 (SH)

Penalties :
T.J. Oshie (Bos) for Hooking (Minor) at 3:03, Mark Giordano (Phi) for Elbowing (Minor) at 10:26, Jakub Voracek (Phi) for Hooking (Minor) at 13:07, Jakub Voracek (Phi) for Interference (Minor) at 16:52

2nd period

2. Bruins , Jiri Sekac 1 (Paul Martin, Anze Kopitar) at 2:18

Penalties :
Matt Hendricks (Bos) for Holding (Minor) at 6:29, Jeff Petry (Bos) for Roughing (Minor) at 12:15, Bryce Salvador (Phi) for Holding (Minor) at 15:23

3rd period

3. Flyers , Jakub Voracek 16 (Tom Gilbert, Corey Perry) at 12:45 (PP)

Penalties :
Jiri Sekac (Bos) for Roughing (Minor) at 2:26, Brenden Dillon (Bos) for Tripping (Minor) at 12:22, Jeff Petry (Bos) for Diving (Minor) at 13:26, Brenden Dillon (Bos) for Hooking (Minor) at 17:45

Goalie Stats

Semyon Varlamov (Bos), 25 saves from 27 shots - (0.926), L, 16-15-1, 60:00 minutes
Corey Crawford (Phi), 25 saves from 26 shots - (0.962), W, 28-8-2, 60:00 minutes

Players Stats for Bruins

Player Name              G  A  P  +/- PIM S  H  SB GA TA FO     MP     PP MP  PK MP  
------------------------------------------------------------------------------------
Alex Killorn             0  0  0  -1  0   3  1  0  3  0  0/1    16:07   4:01   0:00 
Anton Lander             0  0  0   0  0   1  1  0  2  0  3/6    13:36   0:00   0:20 
Anze Kopitar             0  1  1   1  0   1  0  0  1  0  12/18  23:24   3:55   8:03 
Brenden Dillon           0  0  0   0  4   0  1  1  0  1  0/0    12:26   0:00   0:00 
Brent Seabrook           0  0  0  -1  0   3  1  1  0  2  0/0    25:00   4:06   7:48 
Cody Eakin               0  0  0  -1  0   1  0  1  0  0  6/11   20:40   4:01   3:08 
Jeff Petry               0  0  0   1  4   0  2  1  0  0  0/0    18:58   3:50   3:07 
Jim Slater               0  0  0   1  0   0  1  0  0  0  1/2     6:57   0:00   0:00 
Jiri Sekac               1  0  1   1  2   2  0  0  1  0  1/2     6:56   0:00   0:00 
Matt Duchene             0  0  0   0  0   1  0  0  6  1  3/5    15:19   3:55   3:08 
Matt Hendricks           0  0  0   0  2   2  1  0  0  0  0/0    14:49   0:00   2:22 
Mikkel Boedker           0  0  0   0  0   4  2  0  3  0  0/0    13:24   0:00   0:00 
Mirco Mueller            0  0  0   0  0   1  0  0  0  0  0/0     2:49   0:00   0:00 
Nick Holden              0  0  0   0  0   1  2  1  1  0  0/0    13:54   0:00   1:22 
Paul Martin              0  1  1   1  0   1  1  1  0  0  0/0    19:58   3:50   4:29 
Shea Weber               0  0  0  -1  0   3  2  1  2  1  0/0    27:49   4:06   7:48 
T.J. Oshie               0  0  0   0  2   2  1  0  3  1  1/2    19:23   3:55   7:33 
Tommy Wingels            0  0  0  -1  0   0  1  1  1  0  0/0    16:07   4:01   0:00 

Players Stats for Flyers

Player Name              G  A  P  +/- PIM S  H  SB GA TA FO     MP     PP MP  PK MP  
------------------------------------------------------------------------------------
Adam Lowry               0  0  0  -1  0   5  0  0  0  0  0/0    10:40   0:00   0:56 
Barret Jackman           0  0  0   1  0   0  2  1  0  0  0/0    14:47   0:00   3:58 
Bryan Little             1  0  1   1  0   3  0  0  0  0  4/13   21:55   5:09   4:49 
Bryce Salvador           0  0  0   1  2   0  3  2  0  1  0/0    14:49   0:00   3:29 
Corey Perry              0  1  1   0  0   2  6  0  2  0  2/2    18:02   7:08   0:00 
Evgeni Malkin            0  0  0   0  0   1  0  0  1  1  8/19   18:02   7:08   0:00 
Gabriel Landeskog        0  0  0   0  0   2  1  0  0  0  0/0    15:10   5:38   0:00 
Jakub Voracek            1  0  1   0  4   4  1  0  6  0  0/0    19:04   7:08   0:00 
Kyle Okposo              0  0  0   0  0   1  2  0  3  0  0/0    17:03   5:09   0:00 
Luke Glendening          0  1  1   1  0   0  1  0  1  0  0/0    13:38   0:00   5:51 
Mark Giordano            0  0  0  -1  2   2  2  0  0  1  0/0    24:52   6:39   2:45 
Mark Stuart              0  0  0   0  0   1  1  1  0  4  0/0    16:51   0:00   3:58 
Nate Thompson            0  0  0  -1  0   0  2  0  0  0  2/5     9:09   0:00   1:04 
Niklas Kronwall          0  0  0   0  0   2  0  2  0  0  0/0    19:49   5:38   0:00 
Riley Nash               0  0  0   0  0   0  0  0  1  0  3/5     8:19   0:00   1:04 
Taylor Hall              0  0  0   0  0   2  5  1  1  1  0/1    17:03   5:09   0:00 
Tom Gilbert              0  1  1  -1  0   2  1  3  0  0  0/0    20:55   6:39   1:42 
Torrey Mitchell          0  0  0  -1  0   0  1  1  0  0  1/2    11:52   0:00   2:08 

3 Stars

1 - Corey Crawford (Phi)
2 - Corey Perry (Phi)
3 - Bryan Little (Phi)

Power Play

Bruins - 0 on 4 Attempt(s) - 0.00%
Flyers - 1 on 7 Attempt(s) - 14.29%

Penalty Kill

Bruins - 6 on 7 Attempt(s) - 85.71% - Score 0 goal in Penalty Kill
Flyers - 4 on 4 Attempt(s) - 100.00% - Score 1 goal in Penalty Kill

Team Stat

Bruins - Hits : 17 - Faceoff Wins : 27 - Blocked Shots : 8 - Penalty Minutes : 14
Flyers - Hits : 28 - Faceoff Wins : 20 - Blocked Shots : 11 - Penalty Minutes : 8

Official

Referees : Unknown
Linesman : Unknown

Game Notes

12:32 of 2nd period - Flyers goal is going for a video replay. After video review, No Goal. The goalkeeper has been pushed into the net together with the puck after making a save.

Finance

Level 1 -- Attendance: 5207 (86.78%) -- Ticket Income $421,767
Level 2 -- Attendance: 4683 (93.66%) -- Ticket Income $243,516
Level 3 -- Attendance: 1808 (90.40%) -- Ticket Income $54,240
Level 4 -- Attendance: 3869 (96.73%) -- Ticket Income $69,642
Luxury Box -- Attendance: 855 (85.50%) -- Ticket Income $153,900
Game was played at the Wachovia Center.
Total Attendance: 16422 (91.23%)
Total Ticket Income: $943,065
Other Income: $462,102
Total Income: $1,405,167

Bruins

5 vs 5 Forward 
   Center                   Left Wing                Right Wing               Time % Phy DF OF 
 1 Anze Kopitar             T.J. Oshie               Matt Duchene             35     1   2  2  
 2 Cody Eakin               Alex Killorn             Tommy Wingels            30     1   2  2  
 3 Anton Lander             Mikkel Boedker           Matt Hendricks           22     1   2  2  
 4 Jim Slater               Jiri Sekac               Anze Kopitar             13     1   2  2  

5 vs 5 Defense 
   Defense                  Defense                                           Time % Phy DF OF 
 1 Shea Weber               Brent Seabrook                                    35     1   2  2  
 2 Paul Martin              Jeff Petry                                        30     1   2  2  
 3 Brenden Dillon           Nick Holden                                       22     1   2  2  
 4 Mirco Mueller            Shea Weber                                        13     1   2  2  

PowerPlay Forward 
   Center                   Left Wing                Right Wing               Time % Phy DF OF 
 1 Anze Kopitar             T.J. Oshie               Matt Duchene             60     1   2  2  
 2 Cody Eakin               Alex Killorn             Tommy Wingels            40     1   2  2  

PowerPlay Defense
   Defense                  Defense                                           Time % Phy DF OF 
 1 Shea Weber               Brent Seabrook                                    60     1   2  2  
 2 Paul Martin              Jeff Petry                                        40     1   2  2  

Penalty Kill 4 Players Forward 
   Center                   Wing                     Time % Phy DF OF 
 1 Anze Kopitar             T.J. Oshie               60     1   2  2  
 2 Matt Duchene             Cody Eakin               40     1   2  2  

Penalty Kill 4 Players Defense
   Defense                  Defense                  Time % Phy DF OF 
 1 Shea Weber               Brent Seabrook           60     1   2  2  
 2 Paul Martin              Jeff Petry               40     1   2  2  

Penalty Kill - 3 Players Forward 
   Forward                                           Time % Phy DF OF 
 1 Anze Kopitar                                      60     1   2  2  
 2 T.J. Oshie                                        40     1   2  2  

Penalty Kill - 3 Players Defense
   Defense                  Defense                  Time % Phy DF OF 
 1 Shea Weber               Brent Seabrook           60     1   2  2  
 2 Paul Martin              Jeff Petry               40     1   2  2  

4 vs 4 Forward 
   Center                   Wing                     Time % Phy DF OF 
 1 Anze Kopitar             T.J. Oshie               60     1   2  2  
 2 Matt Duchene             Cody Eakin               40     1   2  2  

4 vs 4 Defense
   Defense                  Defense                  Time % Phy DF OF 
 1 Shea Weber               Brent Seabrook           60     1   2  2  
 2 Paul Martin              Jeff Petry               40     1   2  2  

Last Minutes Offensive
   Center                   Left Wing                Right Wing               Defense                  Defense                  
   Anze Kopitar             T.J. Oshie               Matt Duchene             Shea Weber               Brent Seabrook           

Last Minutes Defensive
   Center                   Left Wing                Right Wing               Defense                  Defense                  
   Anze Kopitar             T.J. Oshie               Matt Duchene             Shea Weber               Brent Seabrook           

Goaltenders
Starting : Semyon Varlamov          
Backup : Cam Talbot               

Extra Forwards
Normal : Mikkel Boedker, Anton Lander, Matt Hendricks - PP : Mikkel Boedker, Anton Lander - PK : Matt Hendricks
Extra Defensemen
Normal : Brenden Dillon, Nick Holden, Mirco Mueller - PP : Brenden Dillon - PK : Nick Holden, Mirco Mueller
Penalty Shots
Anze Kopitar, T.J. Oshie, Matt Duchene, Cody Eakin, Alex Killorn

Flyers

5 vs 5 Forward 
   Center                   Left Wing                Right Wing               Time % Phy DF OF 
 1 Evgeni Malkin            Jakub Voracek            Corey Perry              33     0   0  5  
 2 Bryan Little             Taylor Hall              Kyle Okposo              29     0   0  5  
 3 Riley Nash               Gabriel Landeskog        Luke Glendening          22     0   4  1  
 4 Nate Thompson            Adam Lowry               Torrey Mitchell          16     0   5  0  

5 vs 5 Defense 
   Defense                  Defense                                           Time % Phy DF OF 
 1 Mark Giordano            Tom Gilbert                                       38     0   1  4  
 2 Mark Stuart              Niklas Kronwall                                   35     0   2  3  
 3 Barret Jackman           Bryce Salvador                                    27     1   3  1  
 4 Mark Giordano            Niklas Kronwall                                   0      0   1  4  

PowerPlay Forward 
   Center                   Left Wing                Right Wing               Time % Phy DF OF 
 1 Evgeni Malkin            Jakub Voracek            Corey Perry              60     0   0  5  
 2 Bryan Little             Taylor Hall              Kyle Okposo              40     0   1  4  

PowerPlay Defense
   Defense                  Defense                                           Time % Phy DF OF 
 1 Mark Giordano            Tom Gilbert                                       60     0   0  5  
 2 Gabriel Landeskog        Niklas Kronwall                                   40     0   2  3  

Penalty Kill 4 Players Forward 
   Center                   Wing                     Time % Phy DF OF 
 1 Bryan Little             Luke Glendening          65     0   4  1  
 2 Nate Thompson            Riley Nash               35     0   5  0  

Penalty Kill 4 Players Defense
   Defense                  Defense                  Time % Phy DF OF 
 1 Mark Stuart              Mark Giordano            55     0   4  1  
 2 Bryce Salvador           Barret Jackman           45     0   5  0  

Penalty Kill - 3 Players Forward 
   Forward                                           Time % Phy DF OF 
 1 Bryan Little                                      60     0   5  0  
 2 Riley Nash                                        40     0   5  0  

Penalty Kill - 3 Players Defense
   Defense                  Defense                  Time % Phy DF OF 
 1 Mark Stuart              Mark Giordano            55     0   5  0  
 2 Barret Jackman           Bryce Salvador           45     0   5  0  

4 vs 4 Forward 
   Center                   Wing                     Time % Phy DF OF 
 1 Evgeni Malkin            Gabriel Landeskog        60     0   0  5  
 2 Bryan Little             Riley Nash               40     0   1  4  

4 vs 4 Defense
   Defense                  Defense                  Time % Phy DF OF 
 1 Mark Giordano            Tom Gilbert              60     0   1  4  
 2 Mark Stuart              Niklas Kronwall          40     0   1  4  

Last Minutes Offensive
   Center                   Left Wing                Right Wing               Defense                  Defense                  
   Evgeni Malkin            Jakub Voracek            Kyle Okposo              Niklas Kronwall          Mark Giordano            

Last Minutes Defensive
   Center                   Left Wing                Right Wing               Defense                  Defense                  
   Bryan Little             Torrey Mitchell          Luke Glendening          Mark Stuart              Mark Giordano            

Goaltenders
Starting : Corey Crawford           
Backup : Darcy Kuemper            

Extra Forwards
Normal : Gabriel Landeskog, Riley Nash, Luke Glendening - PP : Gabriel Landeskog, Riley Nash - PK : Torrey Mitchell
Extra Defensemen
Normal : Mark Giordano, Niklas Kronwall, Mark Stuart - PP : Mark Giordano - PK : Tom Gilbert, Bryce Salvador
Penalty Shots
Corey Perry, Evgeni Malkin, Kyle Okposo, Bryan Little, Jakub Voracek

% Time on Ice - Bruins

Lines # - Real PCT - Wanted PCT - Time Play
Normal Forward
1 - 17% - 35% - 6:51
2 - 34% - 30% - 13:31
3 - 31% - 22% - 12:28
4 - 17% - 13% - 6:57
Normal Defense
1 - 33% - 35% - 13:06
2 - 29% - 30% - 11:39
3 - 31% - 22% - 12:13
4 - 7% - 13% - 2:49
PP Forward
1 - 49% - 60% - 3:55
2 - 51% - 40% - 4:01
PP Defense
1 - 52% - 60% - 4:06
2 - 48% - 40% - 3:50
PK Forward
1 - 74% - 60% - 9:09
2 - 26% - 40% - 3:08
PK Defense
1 - 64% - 60% - 7:48
2 - 36% - 40% - 4:29
PK3 Forward
1 - 0% - 60%
2 - 0% - 40%
PK3 Defense
1 - 0% - 60%
2 - 0% - 40%
44 Forward
1 - 0% - 60%
2 - 0% - 40%
44 Defense
1 - 0% - 60%
2 - 0% - 40%
Last Minute Offensive  - 0:00
Last Minute Defensive  - 0:00
Total
Forward - 60:00
Defense - 60:00

% Time on Ice - Flyers

Lines # - Real PCT - Wanted PCT - Time Play
Normal Forward
1 - 32% - 33% - 12:33
2 - 30% - 29% - 11:54
3 - 18% - 22% - 7:15
4 - 20% - 16% - 8:05
Normal Defense
1 - 37% - 38% - 14:47
2 - 34% - 35% - 13:35
3 - 27% - 27% - 10:46
4 - 2% - 0% - 0:39
PP Forward
1 - 58% - 60% - 7:08
2 - 42% - 40% - 5:09
PP Defense
1 - 54% - 60% - 6:39
2 - 46% - 40% - 5:38
PK Forward
1 - 87% - 65% - 6:52
2 - 13% - 35% - 1:04
PK Defense
1 - 50% - 55% - 3:58
2 - 50% - 45% - 3:58
PK3 Forward
1 - 0% - 60%
2 - 0% - 40%
PK3 Defense
1 - 0% - 55%
2 - 0% - 45%
44 Forward
1 - 0% - 60%
2 - 0% - 40%
44 Defense
1 - 0% - 60%
2 - 0% - 40%
Last Minute Offensive  - 0:00
Last Minute Defensive  - 0:00
Total
Forward - 60:00
Defense - 60:00

Play by Play

1st period


0:01 of 1st period - Corey Perry wins face-off versus Anze Kopitar in neutral zone.
1:25 of 1st period - Slapshot by Kyle Okposo.
1:25 of 1st period - Shot Blocked by Shea Weber.
3:03 of 1st period - Minor Penalty to T.J. Oshie for Hooking.
3:04 of 1st period - Evgeni Malkin wins face-off versus Anze Kopitar in Bruins zone.
3:38 of 1st period - Slapshot by Evgeni Malkin.
3:38 of 1st period - Stopped by Semyon Varlamov without a rebound.
3:39 of 1st period - Matt Duchene wins face-off versus Taylor Hall in Bruins zone.
5:03 of 1st period - Penalty to T.J. Oshie is over, T.J. Oshie is back on ice.
5:48 of 1st period - Slapshot by Alex Killorn.
5:48 of 1st period - Shot Misses the Net.
6:06 of 1st period - Snap shot by Mikkel Boedker.
6:06 of 1st period - Shot Misses the Net.
6:08 of 1st period - Snap shot by Matt Hendricks.
6:08 of 1st period - Shot Misses the Net.
6:10 of 1st period - Slapshot by Mirco Mueller.
6:10 of 1st period - Stopped by Corey Crawford with a rebound.
6:12 of 1st period - Wrist shot by Anton Lander.
6:12 of 1st period - Shot Misses the Net.
6:14 of 1st period - Snap shot by Anton Lander.
6:14 of 1st period - Stopped by Corey Crawford without a rebound.
6:15 of 1st period - Anton Lander wins face-off versus Riley Nash in Flyers zone.
6:27 of 1st period - Shea Weber is hit by Mark Stuart and loses puck.
7:04 of 1st period - Wrist shot by Matt Duchene.
7:04 of 1st period - Shot Misses the Net.
7:26 of 1st period - Nick Holden is hit by Corey Perry and loses puck.
8:01 of 1st period - Slapshot by Shea Weber.
8:01 of 1st period - Shot Misses the Net.
8:03 of 1st period - Wrist shot by Matt Hendricks.
8:03 of 1st period - Stopped by Corey Crawford with a rebound.
9:11 of 1st period - Snap shot by Taylor Hall.
9:11 of 1st period - Stopped by Semyon Varlamov with a rebound.
9:25 of 1st period - Brenden Dillon is hit by Kyle Okposo and loses puck.
9:52 of 1st period - Slapshot by Corey Perry.
9:52 of 1st period - Shot Misses the Net.
9:58 of 1st period - Niklas Kronwall is hit by Nick Holden and loses puck.
10:17 of 1st period - Snap shot by Mikkel Boedker.
10:17 of 1st period - Stopped by Corey Crawford with a rebound.
10:19 of 1st period - Slapshot by Brent Seabrook.
10:19 of 1st period - Shot Blocked by Niklas Kronwall.
10:21 of 1st period - Snap shot by Mikkel Boedker.
10:21 of 1st period - Shot Blocked by Niklas Kronwall.
10:23 of 1st period - Wrist shot by Jim Slater.
10:23 of 1st period - Deflect By Mikkel Boedker.
10:23 of 1st period - Stopped by Corey Crawford without a rebound.
10:24 of 1st period - Riley Nash wins face-off versus Jiri Sekac in Flyers zone.
10:26 of 1st period - Minor Penalty to Mark Giordano for Elbowing.
10:27 of 1st period - Bryan Little wins face-off versus Cody Eakin in Flyers zone.
10:41 of 1st period - Snap shot by Bryan Little.
10:41 of 1st period - Goal by Bryan Little - Bruins : 0 - Flyers : 1.
10:42 of 1st period - Bryan Little wins face-off versus Anze Kopitar in neutral zone.
10:54 of 1st period - Snap shot by Bryan Little.
10:54 of 1st period - Stopped by Semyon Varlamov with a rebound.
11:53 of 1st period - Paul Martin is hit by Luke Glendening and loses puck.
12:26 of 1st period - Penalty to Mark Giordano is over, Mark Giordano is back on ice.
12:26 of 1st period - Snap shot by Alex Killorn.
12:26 of 1st period - Shot Misses the Net.
12:28 of 1st period - Slapshot by Brent Seabrook.
12:28 of 1st period - Stopped by Corey Crawford without a rebound.
12:29 of 1st period - Evgeni Malkin wins face-off versus Cody Eakin in Flyers zone.
13:07 of 1st period - Minor Penalty to Jakub Voracek for Hooking.
13:08 of 1st period - Anze Kopitar wins face-off versus Bryan Little in Flyers zone.
13:59 of 1st period - Barret Jackman is hit by Alex Killorn and loses puck.
14:21 of 1st period - Wrist shot by Anze Kopitar.
14:21 of 1st period - Shot Blocked by Bryce Salvador.
14:23 of 1st period - Slapshot by Brent Seabrook.
14:23 of 1st period - Deflect By Matt Duchene.
14:23 of 1st period - Stopped by Corey Crawford with a rebound.
14:49 of 1st period - Bryce Salvador is hit by Tommy Wingels.
15:07 of 1st period - Penalty to Jakub Voracek is over, Jakub Voracek is back on ice.
15:18 of 1st period - Corey Perry is hit by Jeff Petry and loses puck.
15:34 of 1st period - Nick Holden is hit by Mark Giordano and loses puck.
15:46 of 1st period - Off-side.
15:47 of 1st period - Nate Thompson wins face-off versus Anton Lander in neutral zone.
16:04 of 1st period - Slapshot by Adam Lowry.
16:04 of 1st period - Stopped by Semyon Varlamov with a rebound.
16:06 of 1st period - Snap shot by Adam Lowry.
16:06 of 1st period - Stopped by Semyon Varlamov without a rebound.
16:07 of 1st period - Anton Lander wins face-off versus Nate Thompson in Bruins zone.
16:12 of 1st period - Nate Thompson is hit by Mikkel Boedker and loses puck.
16:52 of 1st period - Minor Penalty to Jakub Voracek for Interference.
16:53 of 1st period - Cody Eakin wins face-off versus Bryan Little in Flyers zone.
16:54 of 1st period - Slapshot by Alex Killorn.
16:54 of 1st period - Shot Blocked by Mark Stuart.
16:56 of 1st period - Wrist shot by Cody Eakin.
16:56 of 1st period - Shot Misses the Net.
18:20 of 1st period - T.J. Oshie is hit by Bryce Salvador and loses puck.
18:52 of 1st period - Penalty to Jakub Voracek is over, Jakub Voracek is back on ice.
19:01 of 1st period - Cody Eakin is hit by Torrey Mitchell and loses puck.
19:41 of 1st period - Wrist shot by Anton Lander.
19:41 of 1st period - Shot Misses the Net.
Goals for this period are 0 for Bruins vs 1 for Flyers.
Shots for this period are 7 for Bruins vs 6 for Flyers.

2nd period


0:01 of 2nd period - Anze Kopitar wins face-off versus Bryan Little in neutral zone.
0:06 of 2nd period - Slapshot by Shea Weber.
0:06 of 2nd period - Stopped by Corey Crawford with a rebound.
0:18 of 2nd period - Snap shot by Kyle Okposo.
0:18 of 2nd period - Stopped by Semyon Varlamov with a rebound.
0:58 of 2nd period - Mark Stuart is hit by Paul Martin and loses puck.
1:48 of 2nd period - Wrist shot by Jakub Voracek.
1:48 of 2nd period - Stopped by Semyon Varlamov without a rebound.
1:49 of 2nd period - Jim Slater wins face-off versus Nate Thompson in Bruins zone.
2:14 of 2nd period - Snap shot by Anze Kopitar.
2:14 of 2nd period - Shot Misses the Net.
2:16 of 2nd period - Slapshot by Paul Martin.
2:16 of 2nd period - Shot Blocked by Torrey Mitchell.
2:18 of 2nd period - Wrist shot by Jiri Sekac.
2:18 of 2nd period - Goal by Jiri Sekac - Bruins : 1 - Flyers : 1.
2:19 of 2nd period - Bryan Little wins face-off versus Cody Eakin in neutral zone.
2:22 of 2nd period - Tommy Wingels is hit by Taylor Hall and loses puck.
2:47 of 2nd period - Cody Eakin is hit by Taylor Hall and loses puck.
2:54 of 2nd period - Slapshot by Taylor Hall.
2:54 of 2nd period - Deflect By Bryan Little.
2:54 of 2nd period - Stopped by Semyon Varlamov with a rebound.
2:56 of 2nd period - Slapshot by Mark Giordano.
2:56 of 2nd period - Shot Blocked by Tommy Wingels.
3:18 of 2nd period - Anze Kopitar is hit by Gabriel Landeskog and loses puck.
4:53 of 2nd period - Slapshot by Nick Holden.
4:53 of 2nd period - Deflect By Anze Kopitar.
4:53 of 2nd period - Stopped by Corey Crawford without a rebound.
4:54 of 2nd period - Nate Thompson wins face-off versus Cody Eakin in Flyers zone.
5:37 of 2nd period - T.J. Oshie is hit by Taylor Hall and loses puck.
6:29 of 2nd period - Minor Penalty to Matt Hendricks for Holding.
6:30 of 2nd period - Evgeni Malkin wins face-off versus Anze Kopitar in Bruins zone.
7:30 of 2nd period - Snap shot by Anze Kopitar.
7:30 of 2nd period - Shot Misses the Net.
7:32 of 2nd period - Slapshot by Paul Martin.
7:32 of 2nd period - Deflect By Niklas Kronwall.
7:32 of 2nd period - Stopped by Corey Crawford without a rebound.
7:33 of 2nd period - Evgeni Malkin wins face-off versus Anze Kopitar in Flyers zone.
7:38 of 2nd period - Slapshot by Corey Perry.
7:38 of 2nd period - Stopped by Semyon Varlamov with a rebound.
7:40 of 2nd period - Wrist shot by Jakub Voracek.
7:40 of 2nd period - Shot Misses the Net.
7:44 of 2nd period - Wrist shot by Jakub Voracek.
7:44 of 2nd period - Shot Misses the Net.
7:46 of 2nd period - Snap shot by Tom Gilbert.
7:46 of 2nd period - Shot Blocked by Jeff Petry.
7:48 of 2nd period - Slapshot by Tom Gilbert.
7:48 of 2nd period - Deflect By Evgeni Malkin.
7:48 of 2nd period - Shot Misses the Net.
7:48 of 2nd period - Puck is out of play.
7:49 of 2nd period - Evgeni Malkin wins face-off versus Matt Duchene in Bruins zone.
8:22 of 2nd period - Cody Eakin is hit by Kyle Okposo and loses puck.
8:29 of 2nd period - Penalty to Matt Hendricks is over, Matt Hendricks is back on ice.
8:40 of 2nd period - Wrist shot by Alex Killorn.
8:40 of 2nd period - Shot Misses the Net.
8:50 of 2nd period - Cody Eakin is hit by Bryce Salvador.
9:17 of 2nd period - Wrist shot by Adam Lowry.
9:17 of 2nd period - Stopped by Semyon Varlamov with a rebound.
9:23 of 2nd period - Wrist shot by Adam Lowry.
9:23 of 2nd period - Stopped by Semyon Varlamov with a rebound.
9:29 of 2nd period - Matt Hendricks is hit by Bryce Salvador.
9:48 of 2nd period - Mark Stuart is hit by Anton Lander and loses puck.
9:59 of 2nd period - Adam Lowry is hit by Jim Slater and loses puck.
11:11 of 2nd period - Evgeni Malkin is hit by Brent Seabrook and loses puck.
11:22 of 2nd period - Jeff Petry is hit by Corey Perry.
12:15 of 2nd period - Minor Penalty to Jeff Petry for Roughing.
12:16 of 2nd period - Anze Kopitar wins face-off versus Evgeni Malkin in Bruins zone.
12:30 of 2nd period - Slapshot by Jakub Voracek.
12:30 of 2nd period - Shot Misses the Net.
12:32 of 2nd period - Slapshot by Tom Gilbert.
12:32 of 2nd period - Deflect By Anze Kopitar.
12:32 of 2nd period - Flyers goal is going for a video replay.
12:32 of 2nd period - The goal is refused. The goalkeeper has been pushed into the net together with the puck after making a save..
12:33 of 2nd period - Evgeni Malkin wins face-off versus Anze Kopitar in Bruins zone.
12:55 of 2nd period - Off-side.
12:56 of 2nd period - Matt Duchene wins face-off versus Bryan Little in neutral zone.
13:01 of 2nd period - Icing by Taylor Hall.
13:02 of 2nd period - Matt Duchene wins face-off versus Bryan Little in Flyers zone.
13:09 of 2nd period - Snap shot by Cody Eakin.
13:09 of 2nd period - Stopped by Corey Crawford with a rebound.
13:19 of 2nd period - Slapshot by Cody Eakin.
13:19 of 2nd period - Shot Misses the Net.
13:21 of 2nd period - Slapshot by Brent Seabrook.
13:21 of 2nd period - Shot Blocked by Tom Gilbert.
13:23 of 2nd period - Slapshot by Brent Seabrook.
13:23 of 2nd period - Stopped by Corey Crawford without a rebound.
13:24 of 2nd period - Anze Kopitar wins face-off versus Evgeni Malkin in Flyers zone.
14:00 of 2nd period - Matt Duchene is hit by Corey Perry and loses puck.
14:15 of 2nd period - Penalty to Jeff Petry is over, Jeff Petry is back on ice.
14:21 of 2nd period - Slapshot by Matt Duchene.
14:21 of 2nd period - Shot Misses the Net.
14:52 of 2nd period - Backhand shot by Shea Weber.
14:52 of 2nd period - Stopped by Corey Crawford with a rebound.
14:54 of 2nd period - Wrist shot by Matt Hendricks.
14:54 of 2nd period - Stopped by Corey Crawford with a rebound.
14:56 of 2nd period - Slapshot by Brent Seabrook.
14:56 of 2nd period - Shot Misses the Net.
14:58 of 2nd period - Slapshot by Shea Weber.
14:58 of 2nd period - Shot Blocked by Taylor Hall.
15:00 of 2nd period - Wrist shot by Shea Weber.
15:00 of 2nd period - Stopped by Corey Crawford with a rebound.
15:02 of 2nd period - Wrist shot by Mikkel Boedker.
15:02 of 2nd period - Shot Misses the Net.
15:14 of 2nd period - Wrist shot by Mikkel Boedker.
15:14 of 2nd period - Stopped by Corey Crawford without a rebound.
15:15 of 2nd period - Cody Eakin wins face-off versus Nate Thompson in Flyers zone.
15:23 of 2nd period - Minor Penalty to Bryce Salvador for Holding.
15:24 of 2nd period - Bryan Little wins face-off versus Cody Eakin in Flyers zone.
15:46 of 2nd period - Off-side.
15:47 of 2nd period - Anze Kopitar wins face-off versus Bryan Little in neutral zone.
16:03 of 2nd period - Slapshot by Brent Seabrook.
16:03 of 2nd period - Shot Blocked by Tom Gilbert.
16:11 of 2nd period - Slapshot by Matt Duchene.
16:11 of 2nd period - Shot Blocked by Barret Jackman.
16:13 of 2nd period - Slapshot by Shea Weber.
16:13 of 2nd period - Shot Blocked by Tom Gilbert.
16:15 of 2nd period - Snap shot by T.J. Oshie.
16:15 of 2nd period - Stopped by Corey Crawford without a rebound.
16:16 of 2nd period - Cody Eakin wins face-off versus Torrey Mitchell in Flyers zone.
16:19 of 2nd period - Wrist shot by Alex Killorn.
16:19 of 2nd period - Stopped by Corey Crawford without a rebound.
16:20 of 2nd period - Torrey Mitchell wins face-off versus Alex Killorn in Flyers zone.
16:33 of 2nd period - Slapshot by Alex Killorn.
16:33 of 2nd period - Stopped by Corey Crawford with a rebound.
16:35 of 2nd period - Slapshot by Paul Martin.
16:35 of 2nd period - Shot Misses the Net.
17:02 of 2nd period - Mark Giordano is hit by Jeff Petry and loses puck.
17:23 of 2nd period - Penalty to Bryce Salvador is over, Bryce Salvador is back on ice.
17:43 of 2nd period - Wrist shot by Mikkel Boedker.
17:43 of 2nd period - Shot Misses the Net.
17:45 of 2nd period - Slapshot by Shea Weber.
17:45 of 2nd period - Shot Misses the Net.
18:27 of 2nd period - Shea Weber is hit by Corey Perry and loses puck.
19:04 of 2nd period - Jim Slater is hit by Barret Jackman.
19:16 of 2nd period - Slapshot by Mark Giordano.
19:16 of 2nd period - Shot Blocked by Nick Holden.
19:18 of 2nd period - Snap shot by Torrey Mitchell.
19:18 of 2nd period - Shot Misses the Net.
19:26 of 2nd period - Snap shot by Adam Lowry.
19:26 of 2nd period - Stopped by Semyon Varlamov with a rebound.
19:36 of 2nd period - Slapshot by Evgeni Malkin.
19:36 of 2nd period - Shot Blocked by Brenden Dillon.
19:38 of 2nd period - Slapshot by Mark Stuart.
19:38 of 2nd period - Deflect By Corey Perry.
19:38 of 2nd period - Stopped by Semyon Varlamov with a rebound.
19:42 of 2nd period - Snap shot by Corey Perry.
19:42 of 2nd period - Shot Misses the Net.
Goals for this period are 1 for Bruins vs 0 for Flyers.
Shots for this period are 13 for Bruins vs 9 for Flyers.

3rd period


0:01 of 3rd period - Anze Kopitar wins face-off versus Bryan Little in neutral zone.
0:32 of 3rd period - Brent Seabrook is hit by Taylor Hall and loses puck.
0:59 of 3rd period - Tommy Wingels is hit by Tom Gilbert and loses puck.
1:13 of 3rd period - Snap shot by Gabriel Landeskog.
1:13 of 3rd period - Stopped by Semyon Varlamov with a rebound.
1:15 of 3rd period - Slapshot by Mark Stuart.
1:15 of 3rd period - Stopped by Semyon Varlamov with a rebound.
1:55 of 3rd period - Niklas Kronwall is hit by Mikkel Boedker and loses puck.
2:26 of 3rd period - Minor Penalty to Jiri Sekac for Roughing.
2:27 of 3rd period - Anze Kopitar wins face-off versus Bryan Little in Bruins zone.
3:01 of 3rd period - Backhand shot by Taylor Hall.
3:01 of 3rd period - Deflect By Paul Martin.
3:01 of 3rd period - Shot Misses the Net.
3:01 of 3rd period - Puck is out of play.
3:02 of 3rd period - Anze Kopitar wins face-off versus Evgeni Malkin in Bruins zone.
3:43 of 3rd period - Icing by Jakub Voracek.
3:44 of 3rd period - Anze Kopitar wins face-off versus Evgeni Malkin in Flyers zone.
4:10 of 3rd period - Cody Eakin is hit by Taylor Hall and loses puck.
4:26 of 3rd period - Penalty to Jiri Sekac is over, Jiri Sekac is back on ice.
4:34 of 3rd period - Snap shot by Alex Killorn.
4:34 of 3rd period - Stopped by Corey Crawford with a rebound.
4:36 of 3rd period - Slapshot by Brent Seabrook.
4:36 of 3rd period - Stopped by Corey Crawford with a rebound.
5:12 of 3rd period - Gabriel Landeskog is hit by Matt Hendricks and loses puck.
5:38 of 3rd period - Wrist shot by Mikkel Boedker.
5:38 of 3rd period - Shot Misses the Net.
5:52 of 3rd period - Wrist shot by Jiri Sekac.
5:52 of 3rd period - Stopped by Corey Crawford with a rebound.
5:54 of 3rd period - Slapshot by Paul Martin.
5:54 of 3rd period - Shot Misses the Net.
6:32 of 3rd period - Wrist shot by Mark Giordano.
6:32 of 3rd period - Shot Blocked by Paul Martin.
6:34 of 3rd period - Slapshot by Mark Giordano.
6:34 of 3rd period - Stopped by Semyon Varlamov with a rebound.
6:56 of 3rd period - Wrist shot by Anton Lander.
6:56 of 3rd period - Deflect By Mark Giordano.
6:56 of 3rd period - Shot Misses the Net.
6:56 of 3rd period - Puck is out of play.
6:57 of 3rd period - Anton Lander wins face-off versus Evgeni Malkin in Flyers zone.
7:52 of 3rd period - Mark Giordano is hit by Shea Weber and loses puck.
7:59 of 3rd period - Snap shot by Tom Gilbert.
7:59 of 3rd period - Shot Misses the Net.
8:17 of 3rd period - T.J. Oshie is hit by Mark Giordano and loses puck.
8:22 of 3rd period - Snap shot by Mark Giordano.
8:22 of 3rd period - Stopped by Semyon Varlamov without a rebound.
8:23 of 3rd period - Riley Nash wins face-off versus Anton Lander in Bruins zone.
8:39 of 3rd period - Wrist shot by Nick Holden.
8:39 of 3rd period - Stopped by Corey Crawford with a rebound.
8:41 of 3rd period - Slapshot by Brenden Dillon.
8:41 of 3rd period - Shot Misses the Net.
8:43 of 3rd period - Snap shot by Matt Hendricks.
8:43 of 3rd period - Deflect By Anton Lander.
8:43 of 3rd period - Shot Misses the Net.
8:43 of 3rd period - Puck is out of play.
8:44 of 3rd period - Cody Eakin wins face-off versus Evgeni Malkin in Flyers zone.
9:01 of 3rd period - Off-side.
9:02 of 3rd period - Cody Eakin wins face-off versus Evgeni Malkin in neutral zone.
9:37 of 3rd period - Off-side.
9:38 of 3rd period - Riley Nash wins face-off versus Anton Lander in neutral zone.
9:41 of 3rd period - Shea Weber is hit by Barret Jackman.
9:45 of 3rd period - Backhand shot by Anton Lander.
9:45 of 3rd period - Shot Misses the Net.
9:47 of 3rd period - Snap shot by Mikkel Boedker.
9:47 of 3rd period - Stopped by Corey Crawford with a rebound.
9:49 of 3rd period - Wrist shot by Mikkel Boedker.
9:49 of 3rd period - Shot Misses the Net.
9:51 of 3rd period - Slapshot by Shea Weber.
9:51 of 3rd period - Shot Blocked by Bryce Salvador.
9:53 of 3rd period - Slapshot by Matt Hendricks.
9:53 of 3rd period - Shot Misses the Net.
10:07 of 3rd period - Riley Nash is hit by Shea Weber and loses puck.
10:35 of 3rd period - T.J. Oshie is hit by Nate Thompson and loses puck.
10:56 of 3rd period - Paul Martin is hit by Nate Thompson and loses puck.
11:27 of 3rd period - Tom Gilbert is hit by Nick Holden and loses puck.
11:58 of 3rd period - Matt Hendricks is hit by Corey Perry and loses puck.
12:22 of 3rd period - Minor Penalty to Brenden Dillon for Tripping.
12:23 of 3rd period - Evgeni Malkin wins face-off versus T.J. Oshie in Bruins zone.
12:23 of 3rd period - Wrist shot by Jakub Voracek.
12:23 of 3rd period - Stopped by Semyon Varlamov with a rebound.
12:25 of 3rd period - Slapshot by Tom Gilbert.
12:25 of 3rd period - Deflect By Shea Weber.
12:25 of 3rd period - Stopped by Semyon Varlamov without a rebound.
12:26 of 3rd period - Anze Kopitar wins face-off versus Evgeni Malkin in Bruins zone.
12:43 of 3rd period - Slapshot by Corey Perry.
12:43 of 3rd period - Shot Misses the Net.
12:45 of 3rd period - Slapshot by Tom Gilbert.
12:45 of 3rd period - Deflect By Jakub Voracek.
12:45 of 3rd period - Goal by Jakub Voracek - Bruins : 1 - Flyers : 2.
12:46 of 3rd period - Cody Eakin wins face-off versus Bryan Little in neutral zone.
13:26 of 3rd period - Minor Penalty to Jeff Petry for Diving.
13:27 of 3rd period - Anze Kopitar wins face-off versus Evgeni Malkin in Bruins zone.
13:37 of 3rd period - Wrist shot by T.J. Oshie.
13:37 of 3rd period - Stopped by Corey Crawford with a rebound.
13:52 of 3rd period - Icing by Jakub Voracek.
13:53 of 3rd period - T.J. Oshie wins face-off versus Evgeni Malkin in Flyers zone.
14:42 of 3rd period - Snap shot by Taylor Hall.
14:42 of 3rd period - Shot Blocked by Brent Seabrook.
14:44 of 3rd period - Slapshot by Tom Gilbert.
14:44 of 3rd period - Shot Misses the Net.
14:46 of 3rd period - Wrist shot by Bryan Little.
14:46 of 3rd period - Shot Misses the Net.
14:52 of 3rd period - Wrist shot by Taylor Hall.
14:52 of 3rd period - Stopped by Semyon Varlamov without a rebound.
14:53 of 3rd period - Corey Perry wins face-off versus Matt Duchene in Bruins zone.
15:26 of 3rd period - Penalty to Jeff Petry is over, Jeff Petry is back on ice.
16:41 of 3rd period - Wrist shot by Gabriel Landeskog.
16:41 of 3rd period - Stopped by Semyon Varlamov with a rebound.
16:43 of 3rd period - Slapshot by Niklas Kronwall.
16:43 of 3rd period - Stopped by Semyon Varlamov with a rebound.
16:45 of 3rd period - Snap shot by Mark Stuart.
16:45 of 3rd period - Shot Misses the Net.
16:47 of 3rd period - Slapshot by Niklas Kronwall.
16:47 of 3rd period - Stopped by Semyon Varlamov without a rebound.
16:48 of 3rd period - Jiri Sekac wins face-off versus Riley Nash in Bruins zone.
17:00 of 3rd period - Off-side.
17:01 of 3rd period - Evgeni Malkin wins face-off versus Jim Slater in neutral zone.
17:35 of 3rd period - Snap shot by Jakub Voracek.
17:35 of 3rd period - Stopped by Semyon Varlamov with a rebound.
17:45 of 3rd period - Minor Penalty to Brenden Dillon for Hooking.
17:46 of 3rd period - Anze Kopitar wins face-off versus Evgeni Malkin in Bruins zone.
17:46 of 3rd period - Anze Kopitar is hit by Corey Perry.
17:56 of 3rd period - Niklas Kronwall is hit by T.J. Oshie.
18:40 of 3rd period - Cody Eakin is hit by Jakub Voracek and loses puck.
19:32 of 3rd period - Wrist shot by Evgeni Malkin.
19:32 of 3rd period - Shot Misses the Net.
19:34 of 3rd period - Slapshot by Mark Giordano.
19:34 of 3rd period - Shot Misses the Net.
19:36 of 3rd period - Slapshot by Mark Giordano.
19:36 of 3rd period - Shot Blocked by Cody Eakin.
19:45 of 3rd period - Penalty to Brenden Dillon is over, Brenden Dillon is back on ice.
19:56 of 3rd period - Bryan Little is hit by Brenden Dillon.
Goals for this period are 0 for Bruins vs 1 for Flyers.
Shots for this period are 6 for Bruins vs 12 for Flyers.